AoeStats
← darkmaku

Arabian Desert

509431267Analyzed
1v1 RM · 6d ago on Sep 26, 2026· 47m 1s· 2 players
Game mode
Random Map
Map size
Tiny (2 player)
Population
200
Speed
Normal
Resources
Standard
Victory
Conquest
Starting age
Dark Age
Ending age
Imperial Age
RankedLock teamsTeams togetherTeam positionsShared explorationLock speedFull tech treeHidden civsTurbo modeCheats
Victory
Defeat
🇵🇪 Mongols · Peru
1065
+16
🇳🇿 Teutons · New Zealand
1055
-16
Geoffrey Jellyfish
8:46 Loom
12:14 Feudal Age
15:27 Fletching
20:51 Castle Age
20:32 Wheelbarrow
19:39 Horse Collar
19:48 Double-Bit Axe
22:23 Bow Saw
22:16 Heavy Plow
21:51 Pikeman
24:48 Scale Mail Armor
26:49 Bodkin Arrow
32:08 Hand Cart
43:56 Imperial Age
42:03 Ironclad
44:02 Onager
44:19 Heavy Scorpion
46:40 Siege Engineers
darkmaku
5:33 Loom
5:48 Loom
9:56 Feudal Age
11:02 Double-Bit Axe
13:55 Bloodlines
16:05 Forging
17:50 Wheelbarrow
17:35 Horse Collar
21:44 Castle Age
19:52 Fletching
21:07 Padded Archer Armor
22:55 Bodkin Arrow
23:40 Leather Archer Armor
23:29 Husbandry
27:35 Thumb Ring
28:50 Heavy Plow
29:03 Bow Saw
29:31 Hand Cart
29:55 Town Watch
31:20 Ballistics
31:23 Stone Mining
32:16 Gold Mining
36:41 Imperial Age
36:18 Iron Casting
35:49 Scale Barding Armor
36:55 Capped Ram
38:41 Chemistry
37:49 Siege Engineers
38:29 Conscription
38:36 Drill
39:08 Bracer
41:31 Masonry
42:28 Parthian Tactics
44:57 Elite Mangudai
Connection lost

Rejoining the realm…

Still unreachable

The connection could not be restored.

Session expired

The server has moved on; the page needs a fresh start.